 Dungeon Crawl Stone Soup version 0.20-b1-18-gaa2fd62 (webtiles) character file.

131054 Gorglomux the Black Belt (level 17, -20/109 HPs)
             Began as a Vine Stalker Transmuter on May 24, 2017.
             Was the Champion of Ru.
             Demolished by an emperor scorpion (29 damage)
             ... while paralysed by a hornet
             ... on level 3 of the Spider Nest.
             The game lasted 01:19:47 (26758 turns).

Gorglomux the Black Belt (Vine Stalker Transmuter) Turns: 26758, Time: 01:19:47

Health: -20/109    AC:  6    Str: 14      XL:     17   Next: 9%
Magic:  0/27       EV:  1    Int: 16 (18) God:    Ru [******]
Gold:   1028       SH:  0    Dex: 16      Spells: 5/29 levels left

rFire    x . .     SeeInvis +     - Unarmed
rCold    + + +     Gourm    .   (shield currently unavailable)
rNeg     . . .     Faith    .   (armour currently unavailable)
rPois    +         Spirit   +   (helmet currently unavailable)
rElec    .         Reflect  +   (cloak currently unavailable)
rCorr    .         Harm     .   (gloves currently unavailable)
MR       ++...                  (boots currently unavailable)
Stlth    +.........             m - +2 amulet of reflection
Regen    1.1/turn               l - ring of see invisible {sInv, !d}
MPRegen  0.2/turn               R - +3 ring of evasion

@: paralysed, exhausted, ice-form, slowed, drained
A: regeneration 2, magic shield, no potion heal 3, rot immunity, hated by all,
cowardly, unskilled 1, inexperienced 1
a: End Transformation, Draw Out Power, Power Leap, Apocalypse, Renounce Religion


You were on level 3 of the Spider Nest.
You worshipped Ru.
Ru was exalted by your worship.
You were hungry.
You were a creature of crystalline ice.
You visited 5 branches of the dungeon, and saw 28 of its levels.
You also visited: Labyrinth.

You collected 2723 gold pieces.
You spent 1695 gold pieces at shops.

Inventory:

Missiles
 a - 195 arrows
 W - a throwing net {=f, !d}
Armour
 e - the +3 pair of gloves "Weloerag" (melded) {Str+2}
   (You acquired it on level 12 of the Dungeon)

   It affects your strength (+2).
 f - a +0 shield
   (You found it on level 1 of the Dungeon)
 u - a +2 pair of boots (melded)
   (You bought it in a shop on level 2 of the Orcish Mines)
 y - a +0 helmet (melded)
   (You found it on level 4 of the Dungeon)
 F - a +2 cloak (melded)
   (You took it off Crazy Yiuf on level 6 of the Dungeon)
 U - a +4 troll leather armour (melded) {regen}
   (You found it on level 10 of the Dungeon)
Jewellery
 l - a ring of see invisible (left front paw) {sInv, !d}
   (You found it on level 3 of the Dungeon)
 m - a +2 amulet of reflection (around neck)
   (You found it on level 1 of the Dungeon)
 H - an uncursed ring of protection from magic {MR+, !d}
   (You found it on level 5 of the Lair of Beasts)
 R - a +3 ring of evasion (right front paw)
   (You found it on level 8 of the Dungeon)
 T - an uncursed ring of resist corrosion
   (You found it on level 10 of the Dungeon)
 V - an uncursed ring of flight {+Fly, !d}
   (You found it on level 10 of the Dungeon)
Wands
 r - a wand of digging (14/24)
   (You found it on level 2 of the Dungeon)
 s - a wand of acid (6/15)
   (You found it on level 2 of the Dungeon)
 E - a wand of acid (9/15)
   (You found it on level 6 of the Dungeon)
 J - a wand of iceblast (4/15)
   (You found it on level 2 of the Lair of Beasts)
 Q - a wand of disintegration (9/24)
   (You took it off an orc on level 13 of the Dungeon)
 Z - a wand of lightning (7/15)
   (You found it on level 2 of the Spider Nest)
Scrolls
 g - 16 scrolls of teleportation
 k - 5 scrolls of amnesia
 o - 7 scrolls of fear
 x - 3 scrolls of recharging
 B - 3 scrolls of blinking {!r}
 L - a scroll of noise {unknown}
 O - a scroll of silence
 P - 3 scrolls of remove curse
 S - a scroll of fog
 X - 4 scrolls of magic mapping {!r}
 Y - 4 scrolls of immolation {!r}
Potions
 b - 4 potions of might
 h - 4 potions of curing
 i - 3 potions of brilliance
 j - 3 potions of magic
 p - a potion of invisibility
 q - 4 potions of lignification {!q}
 t - 4 potions of cancellation
 v - 6 potions of mutation {!q}
 w - 3 potions of resistance
 z - 7 potions of agility
 C - a potion of ambrosia
 D - a potion of flight
 I - 5 potions of haste
Books
 c - a book of Changes
 G - a book of Transfigurations
   (You found it on level 2 of the Lair of Beasts)
 K - a book of Spatial Translocations
   (You found it on level 6 of the Lair of Beasts)
 N - a book of Party Tricks
   (You found it on level 11 of the Dungeon)
Miscellaneous
 M - a phial of floods (inert)
   (You found it on level 2 of the Lair of Beasts)
Comestibles
 d - 12 bread rations {@e1}
 n - 7 royal jellies
 A - 10 meat rations {@e2}


   Skills:
 + Level 11.5(10.2) Fighting
 - Level 5.5(4.5) Armour
 + Level 8.4(7.2) Dodging
 * Level 17.4(15.9) Unarmed Combat
 + Level 6.6(5.5) Spellcasting
 - Level 1.3(0.3) Hexes
 + Level 11.9(10.7) Transmutations
 - Level 2.4(1.4) Ice Magic
 * Level 2.0(1.0) Earth Magic


You had 5 spell levels left.
You knew the following spells:

 Your Spells              Type           Power        Failure   Level  Hunger
a - Beastly Appendage     Tmut           #####.       1%          1    None
b - Ice Form              Ice/Tmut       ###.....     12%         4    ####...
c - Spider Form           Tmut/Pois      ###.......   4%          3    ###....
d - Confusing Touch       Hex            #.....       12%         1    None
e - Blink                 Tloc           N/A          22%         2    #......
f - Statue Form           Tmut/Erth      ###......    89%         6    #######
s - Sticks to Snakes      Tmut           #####...     1%          2    #......
x - Blade Hands           Tmut           #####.....   4%          5    ######.


Dungeon Overview and Level Annotations

Branches:
Dungeon (15/15)            Temple (1/1) D:7            Lair (6/6) D:10
  Swamp (0/4) Lair:3       Spider (4/4) Lair:2        Slime (0/5) Lair:6
    Orc (2/2) D:9             Elf (0/3) Orc:2        Vaults (0/5) D:14
 Depths (0/5) D:15

Altars:
Ashenzari
Cheibriados
Dithmenos
Elyvilon
Fedhas
Gozag
Hepliaklqana
Kikubaaqudgha
Makhleb
Nemelex Xobeh
Okawaru
Qazlal
Ru
Sif Muna
Trog
Uskayaw
Vehumet
Xom
Yredelemnul
Zin
The Shining One
Jiyva

Shops:
D:7 ?}*%[   D:8 ?[   Orc:1 ?*}   Orc:2 *!?[

Annotations:
D:6 1 exclusion
D:11 2 runed doors
Lair:2 exclusion: oklob plant


Innate Abilities, Weirdness & Mutations

((You have razor-sharp teeth.))
You heal very quickly.
When hurt, damage is shared between your health and your magic reserves.
((Your bite disrupts and absorbs the magic of your enemies.))
Potions cannot restore your health.
You are immune to rotting.
You are hated by all.
Your cowardice makes you less effective in combat with threatening monsters.
You are somewhat unskilled. (-1 Apt)
You are somewhat inexperienced. (-2 XL)


Message History

The tarantella is stunned by your will and fails to attack.
You closely miss the tarantella.
The jumping spider leaps!
The tarantella bites you but does no damage.
The hornet stings you but does no damage.
You closely miss the tarantella.
The tarantella is stunned by your will and fails to attack.
The hornet stings you!
You are poisoned.
You suddenly lose the ability to move!
You focus your will and blind the hornet in retribution!
You feel sick.
The tarantella bites you but does no damage.
The orb spider begins to attack, but is stunned by your will!
You can move again.
Unknown command.
Unknown command.
Unknown command.
You turn into a creature of crystalline ice.
Your +2 cloak melds into your body.
Your +0 helmet melds into your body.
The +3 pair of gloves "Weloerag" {Str+2} melds into your body.
Your +2 pair of boots melds into your body.
Your +4 troll leather armour {regen} melds into your body.
You feel sick. The tarantella closely misses you. The tarantella misses you.
The orb spider begins to attack, but is stunned by your will!
The emperor scorpion barely misses you.
The emperor scorpion completely misses you.
The emperor scorpion claws you!
Unknown command.
You barely miss the tarantella.
The tarantella is stunned by your will and fails to attack.
You pummel the tarantella!! You freeze the tarantella.
You kill the tarantella!
You feel sick. The emperor scorpion barely misses you.
The emperor scorpion claws you.
The emperor scorpion closely misses you.
You closely miss the emperor scorpion. The hornet barely misses you.
The emperor scorpion stings you!!
You are more poisoned.
The emperor scorpion poisons you!
The emperor scorpion claws you but does no damage.
The emperor scorpion closely misses you.
You pummel the emperor scorpion!! You freeze the emperor scorpion!
You feel sick.
The jumping spider begins to attack, but is stunned by your will!
You hit the emperor scorpion but do no damage.
You feel sick. The emperor scorpion misses you. The emperor scorpion claws you.
The emperor scorpion claws you but does no damage.
The hornet closely misses you.
Unknown command.
Unknown command.
You feel sick.
The hornet is stunned by your will and fails to attack.
The jumping spider begins to attack, but is stunned by your will!
The emperor scorpion stings you!!
You are more poisoned.
The emperor scorpion poisons you!
You focus your will and slow the emperor scorpion in retribution!
The emperor scorpion claws you. The emperor scorpion claws you!
The hornet closely misses you.
You hear an angry hiss.
You climb upwards.
* * * LOW HITPOINT WARNING * * *
You feel extremely sick.
There is a stone staircase leading down here.
Unknown command.
Unknown command.
Unknown command.
Unknown command.
Unknown command.
Your system rejects the healing.
You feel better.
The emperor scorpion is stunned by your will and fails to attack.
You punch the emperor scorpion! You freeze the emperor scorpion.
The hornet is no longer blind.
You punch the emperor scorpion! You freeze the emperor scorpion.
The hornet closely misses you.
The emperor scorpion is stunned by your will and fails to attack.
You hit the emperor scorpion. You freeze the emperor scorpion.
The hornet closely misses you.
Unknown command.
You closely miss the emperor scorpion. The hornet misses you.
You hit the emperor scorpion. You freeze the emperor scorpion.
The hornet stings you.
* * * LOW HITPOINT WARNING * * *
The emperor scorpion barely misses you. x2; The emperor scorpion claws you!
* * * LOW HITPOINT WARNING * * *
Unknown command.
You redirect the hornet's attack!
The hornet closely misses itself.
The hornet completely misses you.
You closely miss the hornet.
The emperor scorpion is no longer moving slowly.
The hornet stings you!
* * * LOW HITPOINT WARNING * * *
You suddenly lose the ability to move!
The emperor scorpion is stunned by your will and fails to attack.
The hornet stings you.
* * * LOW HITPOINT WARNING * * *
You feel yourself slow down.
You focus your will and slow the hornet in retribution!
The emperor scorpion stings you!!
You die...

### ## #≈≈ ≈#≈≈ #≈≈
###≈## ### ###.#≈≈#
#≈####..≈≈≈≈#
##...Ys...#.≈# ###
#....y>.#..≈## ###≈≈
###..##.##.### ≈≈≈#
####.≈≈#.≈≈≈≈##
##≈≈###.###.#.≈#≈#≈≈#
##≈#≈##..###....#.####
#≈≈≈≈#^....#....#..#
##≈≈≈..##..####...##
≈≈≈##..#≈#.......##


You could see an emperor scorpion and a hornet.

Vanquished Creatures
  Mara (Spider:3)
  Rupert (D:14)
  Gastronok (D:8)
  A ghost moth (Spider:3)
  A stone giant (Orc:2)
  5 entropy weavers
  2 dire elephants (Lair:6)
  A spark wasp (Spider:2)
  Azrael (D:13)
  A minotaur (Lab)
  Snorg (Orc:2)
  A fire dragon (D:15)
  6 hydras
  An ice dragon (D:15)
  The ghost of Flooderbenga the Bewitcher, a journeyman SpEn of Dithmenos (D:15)
  2 rakshasas
  Erolcha (D:12)
  The ghost of Shinoi the Cleaver, a journeyman VSBe of Trog (Lair:3)
  An anaconda (Lair:6)
  The ghost of potatolord6000 the Blocker, a novice DDFi of Cheibriados (Orc:1)
  10 two-headed ogres
  5 centaur warriors
  The ghost of Britaniac the Geomancer, a journeyman GrEE of Vehumet (Lab)
  A death knight (D:13)
  8 death yaks (Lair:6)
  A queen ant (Spider:2)
  An ogre mage (D:15)
  3 orc high priests (Orc:2)
  Urug (D:12)
  A skeletal warrior (D:11)
  2 unseen horrors
  6 orc knights
  A lindwurm (Lair:6)
  7 orc sorcerers (Orc:2)
  3 deep elf magi
  19 wolf spiders
  11 orb spiders
  4 cyclopes
  Maurice (D:10)
  6 ugly things
  3 elephants (Lair:5)
  5 centaur zombies
  7 black mambas
  3 torpor snails
  2 gargoyles
  7 spiny frogs
  3 kobold demonologists
  7 komodo dragons
  6 demonic crawlers
  3 rime drakes
  20 jumping spiders
  A merfolk (D:10)
  4 polar bears
  6 trolls
  3 meliai (D:15)
  3 hornets
  13 slime creatures
  9 dream sheep
  5 hippogriffs
  A shadow (D:15)
  Sigmund (D:6)
  A wraith (D:12)
  13 tarantellas
  51 redbacks
  2 basilisks
  2 wyverns
  4 hungry ghosts
  4 fire elementals (D:13)
  7 hogs
  16 humans (D:14)
  64 yaks
  4 vampire mosquitoes
  3 wargs
  The ghost of miragecloak the Changer, an amateur OpTm (D:4)
  Menkaure (D:6)
  An acid dragon (D:15)
  6 soldier ants (Spider:2)
  14 water moccasins
  4 hell hounds (D:13)
  21 orc warriors
  3 porcupines
  2 sky beasts
  2 eyes of draining
  4 ice beasts
  3 black bears
  2 phantoms
  2 necrophages
  12 ogres
  9 centaurs
  6 wolves (D:10)
  17 crocodiles
  A big kobold (D:7)
  14 bullfrogs
  A wyvern skeleton (D:10)
  3 scorpions
  7 killer bees
  8 wights
  2 howler monkeys
  9 electric eels
  5 crimson imps
  2 bullfrog zombies
  6 jellies
  22 orc priests
  Crazy Yiuf (D:6)
  5 hounds
  5 centaur skeletons
  6 bullfrog skeletons
  3 iguanas
  9 hell rats (Lair:1)
  16 orc wizards
  30 worker ants
  A hound skeleton (D:5)
  A howler monkey zombie (D:11)
  A worker ant zombie (D:9)
  16 adders
  4 gnolls (D:3)
  A howler monkey skeleton (D:11)
  13 river rats (Lair:1)
  3 shadow imps
  An adder skeleton (D:4)
  3 dart slugs
  3 leopard geckos
  68 orcs
  3 ball pythons (D:1)
  5 bats
  5 giant cockroaches
  6 goblins
  10 hobgoblins
  11 jackals
  20 kobolds
  11 quokkas
  4 frilled lizards
  3 jackal zombies
  22 rats
  A fungus (Lair:3)
  5 plants
892 creatures vanquished.

Vanquished Creatures (collateral kills)
  Grinder (D:6)
  An adder (D:2)
  An orc (D:3)
  A rat (D:3)
4 creatures vanquished.

Vanquished Creatures (others)
  Louise (D:15)
  A wolf spider (Spider:3)
  A black mamba (Lair:6)
  A jumping spider (Spider:4)
  A hornet (D:13)
  A slime creature (D:15)
  A vampire (D:11)
  A tarantella (Spider:2)
  A hog (Lair:4)
  A soldier ant (Spider:2)
  An eye of draining (D:10)
  A killer bee (D:12)
  An orc priest (Orc:2)
  An orc wizard (Orc:1)
  An orc (D:9)
  A butterfly (Lair:6)
  9 fungi
  7 plants
32 creatures vanquished.

Grand Total: 928 creatures vanquished

Notes
Turn   | Place    | Note
-------+----------+-------------------------------------------
     0 | D:1      | Gorglomux the Vine Stalker Transmuter began the quest for the Orb.
     0 | D:1      | Reached XP level 1. HP: 9/9 MP: 4/4
    32 | D:1      | Reached skill level 1 in Fighting
   237 | D:1      | Reached XP level 2. HP: 12/14 MP: 3/6
   673 | D:1      | Reached XP level 3. HP: 15/18 MP: 7/7
   724 | D:1      | Learned a level 2 spell: Sticks to Snakes
   971 | D:1      | Reached skill level 4 in Unarmed Combat
  1781 | D:2      | Reached skill level 2 in Fighting
  1781 | D:2      | Gained mutation: Your natural rate of healing is unusually fast. [Vine Stalker growth]
  1781 | D:2      | Reached XP level 4. HP: 19/23 MP: 5/8
  1911 | D:2      | Found a blossoming altar of Fedhas.
  1911 | D:2      | Found an ancient bone altar of Kikubaaqudgha.
  2012 | D:3      | Found a stormy altar of Qazlal.
  2012 | D:3      | Found a bloodstained altar of Trog.
  2322 | D:3      | Reached skill level 5 in Unarmed Combat
  2322 | D:3      | Reached XP level 5. HP: 25/27 MP: 7/9
  2366 | D:3      | Noticed an ogre
  2382 | D:3      | HP: 4/27 [ogre/giant club (21)]
  2464 | D:2      | Learned a level 3 spell: Spider Form
  2506 | D:3      | Killed an ogre
  2506 | D:3      | Reached XP level 6. HP: 32/32 MP: 7/10
  2611 | D:3      | Reached skill level 3 in Fighting
  2650 | D:3      | Reached skill level 6 in Unarmed Combat
  2964 | D:4      | Noticed miragecloak's ghost (amateur OpTm)
  2979 | D:4      | Killed miragecloak's ghost
  2979 | D:4      | Reached XP level 7. HP: 25/37 MP: 3/11
  3156 | D:4      | Found a snail-covered altar of Cheibriados.
  3186 | D:4      | Reached skill level 7 in Unarmed Combat
  3189 | D:4      | Reached skill level 4 in Fighting
  3195 | D:4      | Gorglomux: !won demiseall god=chei
  3195 | D:4      | beem: demiseall (god=chei) has won once in 7 games (14.29%): 1xVSMo
  3239 | D:4      | Gorglomux: !won . god=chei
  3239 | D:4      | beem: Gorglomux (god=chei) has won once in 19 games (5.26%): 1xBaEE
  3705 | D:5      | Entered Level 5 of the Dungeon
  4035 | D:5      | Gained mutation: You have razor-sharp teeth. [Vine Stalker growth]
  4035 | D:5      | Reached XP level 8. HP: 37/42 MP: 9/12
  4044 | D:5      | Reached skill level 8 in Unarmed Combat
  4527 | D:6      | Noticed Grinder
  4575 | D:6      | HP: 1/42 [Grinder/nerve-wracking pain (11)]
  4576 | D:6      | Killed Grinder
  4576 | D:6      | Reached skill level 2 in Dodging
  4580 | D:6      | Found a shattered altar of Ashenzari.
  4697 | D:6      | Noticed Sigmund
  4698 | D:6      | Noticed Menkaure
  4742 | D:6      | Killed Menkaure
  4742 | D:6      | Reached skill level 5 in Fighting
  4748 | D:6      | Killed Sigmund
  4748 | D:6      | Reached skill level 3 in Transmutations
  4985 | D:6      | Found a runed door.
  5145 | D:6      | Noticed Crazy Yiuf
  5152 | D:6      | Killed Crazy Yiuf
  5223 | D:7      | Found Igotarae's Armour Boutique.
  5284 | D:7      | Found Junis's Assorted Antiques.
  5295 | D:7      | Reached skill level 9 in Unarmed Combat
  5329 | D:7      | Reached XP level 9. HP: 27/47 MP: 4/13
  5355 | D:7      | Bought a scroll labeled IKLUHIOTIN for 27 gold pieces
  5355 | D:7      | Bought a scroll of identify for 54 gold pieces
  5355 | D:7      | Bought a scroll labeled ORA YMEJELO for 27 gold pieces
  5355 | D:7      | Bought a scroll of identify for 54 gold pieces
  5368 | D:7      | Got a heavily runed scale mail
  5394 | D:7      | Identified the cursed +0 scale mail of Disappointment {rF+ Regen+ Dex+4} (You found it on level 7 of the Dungeon)
  5430 | D:7      | Reached skill level 3 in Dodging
  5476 | D:7      | Found Viyh's Food Boutique.
  5650 | D:7      | Found a staircase to the Ecumenical Temple.
  5691 | Temple   | Entered the Ecumenical Temple
  5841 | Temple   | Became a worshipper of Ru the Awakened
  6015 | D:7      | Found Duacek's Gadget Shoppe.
  6041 | D:7      | Found Esusoac's Magic Scroll Emporium.
  6049 | D:7      | Bought a scroll of identify for 26 gold pieces
  6049 | D:7      | Bought a scroll of vulnerability for 97 gold pieces
  6049 | D:7      | Bought a scroll of remove curse for 39 gold pieces
  6434 | D:8      | Reached skill level 4 in Transmutations
  6479 | D:8      | Found a radiant altar of Vehumet.
  6522 | D:8      | Noticed Gastronok
  6633 | D:8      | Found Mus Gug's Antique Armour Emporium.
  6643 | D:8      | HP: 6/48 [orc priest/divine providence (10)]
  6780 | D:8      | Found Xuaxte's Magic Scroll Emporium.
  6802 | D:8      | Bought a scroll of identify for 28 gold pieces
  6802 | D:8      | Bought a scroll of blinking for 105 gold pieces
  6941 | D:8      | Reached skill level 10 in Unarmed Combat
  7003 | D:8      | Gained mutation: You are hated by all. [Ru sacrifice]
  7003 | D:8      | Reached * piety under Ru
  7043 | D:8      | Reached skill level 6 in Fighting
  7049 | D:8      | Reached skill level 4 in Dodging
  7159 | D:8      | Killed Gastronok
  7159 | D:8      | Reached skill level 11 in Unarmed Combat
  7159 | D:8      | Reached skill level 5 in Transmutations
  7159 | D:8      | Reached XP level 10. HP: 30/53 MP: 11/14
  7330 | D:9      | HP: 13/53 [orc warrior/trident (5)]
  7379 | D:9      | Reached skill level 5 in Dodging
  7411 | D:9      | Found a staircase to the Orcish Mines.
  7424 | D:9      | Reached skill level 6 in Transmutations
  7491 | D:9      | HP: 9/53 [orc warrior/flail of draining (7)]
  7740 | D:9      | Reached skill level 7 in Fighting
  8061 | D:10     | Entered Level 10 of the Dungeon
  8206 | D:10     | Reached XP level 11. HP: 56/58 MP: 11/15
  8265 | D:10     | Learned a level 5 spell: Blade Hands
  8269 | D:10     | Reached skill level 12 in Unarmed Combat
  8288 | D:10     | Found a staircase to the Lair.
  8403 | D:10     | Noticed Maurice
  8415 | D:10     | Killed Maurice
  8503 | D:10     | Noticed a deep elf mage
  8513 | D:10     | Killed a deep elf mage
  8667 | D:10     | Reached skill level 7 in Transmutations
  8961 | D:11     | Noticed a four-headed hydra
  8963 | D:11     | Noticed a two-headed ogre
  8997 | D:10     | Gained mutation: You are somewhat unskilled. (-1 Apt) [Ru sacrifice]
  8997 | D:10     | Reduced skill Unarmed Combat to level 11
  8997 | D:10     | Reduced skill Transmutations to level 6
  8997 | D:10     | Reached ** piety under Ru
  8997 | D:10     | Reached *** piety under Ru
  9015 | Lair:1   | Entered Level 1 of the Lair of Beasts
  9421 | Lair:1   | HP: 12/58 [hell rat (6)]
  9426 | Lair:1   | HP: 6/58 [poisoned by a black mamba]
  9431 | Lair:1   | HP: 7/58 [poisoned by a black mamba]
  9437 | Lair:1   | HP: 9/58 [poisoned by a black mamba]
  9443 | Lair:1   | HP: 12/58 [poisoned by a black mamba]
  9462 | Lair:1   | HP: 13/58 [porcupine (5)]
  9463 | Lair:1   | HP: 6/58 [porcupine (7)]
  9649 | Lair:1   | Reached skill level 12 in Unarmed Combat
  9847 | Lair:1   | Learned a level 4 spell: Ice Form
  9897 | Lair:1   | Gained mutation: You heal very quickly. [Vine Stalker growth]
  9897 | Lair:1   | Reached XP level 12. HP: 63/63 MP: 16/16
 10266 | Lair:1   | Got a transparent trident
 10557 | Lair:2   | HP: 8/63 [polar bear (17)]
 10662 | Lair:1   | Reached skill level 7 in Transmutations
 10801 | Lair:2   | Learned a level 1 spell: Confusing Touch
 10819 | Lair:2   | Gained mutation: You are somewhat inexperienced. (-2 XL) [Ru sacrifice]
 10819 | Lair:2   | Reached XP level 11. HP: 58/58 MP: 16/16
 10819 | Lair:2   | Reached XP level 10. HP: 55/55 MP: 15/15
 10819 | Lair:2   | Reached **** piety under Ru
 10819 | Lair:2   | Reached ***** piety under Ru
 10879 | Lair:2   | Found a hole to the Spider Nest.
 10958 | Lair:2   | Noticed a black mamba
 10974 | Lair:2   | Killed a black mamba
 10974 | Lair:2   | Reached skill level 6 in Dodging
 10974 | Lair:2   | Reached skill level 3 in Spellcasting
 11320 | Lair:2   | Noticed an oklob plant
 11757 | Lair:3   | Noticed Shinoi's ghost (journeyman VSBe)
 11769 | Lair:3   | Killed Shinoi's ghost
 11792 | Lair:3   | Noticed a spiny frog
 11807 | Lair:3   | Killed a spiny frog
 11811 | Lair:3   | Noticed a black mamba
 11822 | Lair:3   | Killed a black mamba
 11822 | Lair:3   | Reached XP level 11. HP: 60/60 MP: 15/17
 11880 | Lair:3   | Noticed a four-headed hydra
 11887 | Lair:3   | Killed a four-headed hydra
 12058 | Lair:3   | Found a staircase to the Swamp.
 12279 | Lair:3   | Reached skill level 8 in Fighting
 12427 | Lair:4   | Gained mutation: Your cowardice makes you less effective in combat with threatening monsters. [Ru sacrifice]
 12427 | Lair:4   | Reached ****** piety under Ru
 12513 | Lair:4   | Reached skill level 4 in Spellcasting
 12766 | Lair:4   | Gorglomux: ??courage
 12766 | Lair:4   | beem: sacrifice courage[1/3]: Ru ability: Spellpower and slaying penalties for having more than one tough monster in view (or any nasty monster). Scaled by number of such monsters in view
 12766 | Lair:4   | Gorglomux: ??courage[2
 12766 | Lair:4   | beem: horror[1/1]: A status caused by Ru's Sacrifice Courage. The status applies a variable penalty to slaying and spellpower depending on how many MTHRT_TOUGH (yellow) and MTHRT_NASTY (red) monsters are visible. The status is yellow for 1-2 penalty, light red for 3-4 and red for 5+.
 12766 | Lair:4   | Gorglomux: ??courage[3
 12766 | Lair:4   | beem: sacrifice courage[3/3]: Monsters! Monsters everywhere! You have to get out of here!
 13032 | Lair:4   | Reached skill level 13 in Unarmed Combat
 13032 | Lair:4   | Reached skill level 8 in Transmutations
 13317 | Lair:5   | Noticed a six-headed hydra
 13320 | Lair:5   | Reached XP level 12. HP: 65/65 MP: 19/19
 13324 | Lair:5   | Killed a six-headed hydra
 13333 | Lair:5   | Reached skill level 7 in Dodging
 13336 | Lair:5   | HP: 17/78 [komodo dragon (26)]
 13351 | Lair:5   | HP: 18/78 [komodo dragon (8)]
 13365 | Lair:5   | Noticed Kirke
 13542 | Lair:5   | Noticed Kirke
 13542 | Lair:5   | Kirke changed into Kirke the hog
 13560 | Lair:5   | Killed Kirke the hog
 13816 | Lair:5   | Found a dark tunnel.
 14428 | Lair:6   | Entered Level 6 of the Lair of Beasts
 14458 | Lair:6   | Reached skill level 5 in Spellcasting
 14678 | Lair:6   | Noticed a death yak
 14679 | Lair:6   | Noticed a death yak
 14695 | Lair:6   | Noticed a death yak
 14696 | Lair:6   | Reached XP level 13. HP: 48/70 MP: 10/21
 14789 | Lair:6   | Reached skill level 9 in Fighting
 15179 | Lair:6   | Found a viscous altar of Jiyva.
 15179 | Lair:6   | Found a staircase to the Slime Pits.
 15273 | Lair:6   | Reached skill level 14 in Unarmed Combat
 15484 | Lair:6   | Reached skill level 9 in Transmutations
 15620 | Lair:6   | Reached skill level 1 in Hexes
 15658 | Lair:6   | Noticed a dire elephant
 15658 | Lair:6   | Noticed a dire elephant
 15675 | Lair:6   | Killed a dire elephant
 15679 | Lair:6   | Killed a dire elephant
 15709 | Lair:6   | Learned a level 2 spell: Blink
 15982 | D:11     | Found a runed door.
 15989 | D:11     | Found a runed door.
 16123 | D:11     | Noticed a rakshasa
 16172 | D:11     | Reached skill level 8 in Dodging
 16176 | D:11     | Killed a rakshasa
 16261 | D:11     | Identified the Disquisition on the Rocks and the Arsonist
 16603 | D:12     | Noticed Urug
 16643 | D:12     | Killed Urug
 16643 | D:12     | Reached XP level 14. HP: 62/75 MP: 14/23
 16647 | D:12     | Gorglomux: ??saint roka
 16647 | D:12     | beem: saint roka[1/2]: Unique orc who comes with a pack of more orcs, often including knights and sorcerers. Has the spell set of a Daeva (smite, smite, smite). Sometimes has a crossbow. Worth a huge amount of exp!
 16654 | D:12     | Gorglomux: ??saint roka[2
 16654 | D:12     | beem: saint roka[2/2]: not actually the messiah
 16695 | D:12     | Found a labyrinth entrance.
 16777 | Lab      | Entered a labyrinth
 16833 | Lab      | Noticed Britaniac's ghost (journeyman GrEE)
 16838 | Lab      | Killed Britaniac's ghost
 16940 | Lab      | Identified the Volume of Ignition and Sinister Secrets
 17639 | D:12     | Identified a scroll of acquirement
 17648 | D:12     | Got a pair of ancient gloves
 17654 | D:12     | Identified the +3 pair of gloves "Weloerag" {Str+2} (You acquired it on level 12 of the Dungeon)
 17755 | D:13     | Noticed Erolcha
 17761 | D:12     | Killed Erolcha
 17761 | D:12     | Reached skill level 15 in Unarmed Combat
 17786 | D:13     | Reached skill level 1 in Armour
 18112 | D:13     | Noticed Azrael
 18116 | D:13     | Killed Azrael
 18116 | D:13     | Reached skill level 10 in Transmutations
 18206 | D:13     | Reached skill level 2 in Armour
 18234 | D:13     | Reached skill level 10 in Fighting
 18282 | D:13     | Found a sparkling altar of Nemelex Xobeh.
 18658 | D:14     | Found a shadowy altar of Dithmenos.
 18928 | D:14     | Noticed Rupert
 18930 | D:14     | Found a gate to the Vaults.
 18937 | D:14     | Killed Rupert
 18937 | D:14     | Reached skill level 3 in Armour
 18937 | D:14     | Reached XP level 15. HP: 80/80 MP: 17/24
 18971 | D:14     | Found an iron altar of Okawaru.
 19256 | D:15     | Entered Level 15 of the Dungeon
 19301 | D:15     | Noticed Louise
 19308 | D:15     | Killed Louise
 19501 | D:15     | Found a staircase to the Depths.
 19596 | D:15     | Noticed Flooderbenga's ghost (journeyman SpEn)
 19600 | D:15     | Killed Flooderbenga's ghost
 19816 | D:15     | Reached skill level 16 in Unarmed Combat
 20357 | D:15     | Reached skill level 4 in Armour
 20447 | D:15     | Got a distressingly furry shield
 20453 | D:15     | Identified the -6 shield of the Final Lovers {Int+3} (You acquired it on level 15 of the Dungeon)
 20620 | Orc:1    | Entered Level 1 of the Orcish Mines
 20678 | Orc:1    | Found Raobruv's Gadget Emporium.
 20771 | Orc:2    | Entered Level 2 of the Orcish Mines
 20771 | Orc:2    | Found a staircase to the Elven Halls.
 20888 | Orc:2    | Noticed Snorg
 20903 | Orc:2    | Killed Snorg
 21297 | Orc:1    | Noticed potatolord6000's ghost (novice DDFi)
 21436 | Orc:1    | Killed potatolord6000's ghost
 21560 | Orc:1    | Found Fufasonybir's Assorted Antiques.
 21614 | Orc:1    | Bought a scroll of identify for 68 gold pieces
 21614 | Orc:1    | Bought a scroll labeled USTEBLEBRUXT for 34 gold pieces
 21658 | Orc:1    | Found Eleipnuv's Magic Scroll Emporium.
 21666 | Orc:1    | Bought a scroll of summoning for 171 gold pieces
 21667 | Orc:1    | Bought a scroll of enchant armour for 135 gold pieces
 21667 | Orc:1    | Bought a scroll of enchant armour for 135 gold pieces
 21815 | Orc:2    | Reached skill level 11 in Transmutations
 22103 | Orc:2    | Found Azamm's Assorted Antiques.
 22107 | Orc:2    | Found Jafuet's Magic Scroll Shop.
 22111 | Orc:2    | Bought a scroll of teleportation for 111 gold pieces
 22113 | Orc:2    | Bought a scroll of blinking for 105 gold pieces
 22113 | Orc:2    | Bought a scroll of teleportation for 42 gold pieces
 22113 | Orc:2    | Found Wudet's Antique Armour Shop.
 22115 | Orc:2    | Found Muneik's Distillery.
 22121 | Orc:2    | Bought a pair of embroidered boots for 165 gold pieces
 22123 | Orc:2    | Bought a potion of might for 68 gold pieces
 22123 | Orc:2    | Bought a potion of might for 68 gold pieces
 22123 | Orc:2    | Bought a potion of agility for 68 gold pieces
 22123 | Orc:2    | Bought a potion of agility for 68 gold pieces
 22373 | Spider:1 | Entered Level 1 of the Spider Nest
 22425 | Spider:1 | Reached XP level 16. HP: 86/86 MP: 21/25
 22955 | Spider:1 | Reached skill level 11 in Fighting
 22955 | Spider:1 | Reached skill level 5 in Armour
 23852 | Spider:2 | HP: 20/104 [wolf spider (8)]
 24382 | Spider:2 | Reached skill level 17 in Unarmed Combat
 24670 | Spider:2 | Reached skill level 1 in Ice Magic
 24750 | Spider:3 | Reached skill level 6 in Spellcasting
 24756 | Spider:3 | Noticed Mara
 24764 | Spider:3 | Killed Mara
 25033 | Spider:3 | Reached skill level 2 in Ice Magic
 25175 | Spider:3 | HP: 23/105 [jumping spider (11)]
 25355 | Spider:3 | Learned a level 6 spell: Statue Form
 25742 | Spider:3 | HP: 25/105 [redback[a Zot trap] (17)]
 25758 | Spider:3 | HP: 24/105 [redback[a Zot trap] (4)]
 25897 | Spider:3 | Paralysed by a hornet for 2 turns
 26202 | Spider:4 | Entered Level 4 of the Spider Nest
 26226 | Spider:3 | Reached skill level 1 in Earth Magic
 26346 | Spider:3 | Reached XP level 17. HP: 72/91 MP: 13/27
 26450 | Spider:3 | HP: 23/109 [ghost moth (10)]
 26663 | Spider:3 | Reached skill level 2 in Earth Magic
 26740 | Spider:4 | Paralysed by a hornet for 1 turns
 26755 | Spider:3 | HP: 23/109 [emperor scorpion (8)]
 26757 | Spider:3 | Paralysed by a hornet for 3 turns
 26758 | Spider:3 | HP: 9/109 [hornet (4)]
 26758 | Spider:3 | Demolished by an emperor scorpion

Skill      XL: |  1  2  3  4  5  6  7  8  9 10 11 12 13 14 15 16 17 |
---------------+----------------------------------------------------+-----
Fighting       | 1 2 3 4 5 6 7 8 9 10 11 | 11.5
Unarmed Combat | 4 5 6 7 9 11 13 14 15 16 17 | 17.4
Dodging        | 2 4 6 7 8 |  8.4
Transmutations | 3 5 6 8 7 9 10 11 | 11.9
Spellcasting   | 3 4 5 6 |  6.6
Hexes          | 1 |  1.3
Armour         | 3 4 5 |  5.5
Ice Magic      | 2 |  2.4
Earth Magic    | 1 2 |  2.0

Action                   |  1- 3 |  4- 6 |  7- 9 | 10-12 | 13-15 | 16-18 || total
-------------------------+-------+-------+-------+-------+-------+-------++-------
Melee: Unarmed           |   106 |   129 |   347 |  1034 |   893 |   476 ||  2985
       Bite              |    20 |    19 |    79 |   218 |   232 |    36 ||   604
       Headbutt          |     9 |     2 |       |       |       |       ||    11
       Kick              |     3 |     5 |       |    14 |       |       ||    22
       Punch             |       |     1 |     9 |    47 |    50 |    13 ||   120
 Cast: Beastly Appendage |    26 |    11 |       |     2 |       |       ||    39
       Sticks to Snakes  |     1 |     2 |     5 |     1 |       |       ||     9
       Spider Form       |       |     5 |    17 |    35 |       |       ||    57
       Blade Hands       |       |       |       |    10 |    60 |    11 ||    81
       Confusing Touch   |       |       |       |     1 |     1 |     1 ||     3
       Ice Form          |       |       |       |     2 |     6 |    25 ||    33
Invok: Sacrifice Love    |       |       |     1 |       |       |       ||     1
       Sacrifice Experie |       |       |       |     1 |       |       ||     1
       Apocalypse        |       |       |       |     2 |     6 |     4 ||    12
       Power Leap        |       |       |       |     1 |     5 |     4 ||    10
       Draw Out Power    |       |       |       |     1 |     1 |     4 ||     6
       Sacrifice Courage |       |       |       |     1 |       |       ||     1
       Sacrifice Skill   |       |       |       |     1 |       |       ||     1
 Abil: End Transformatio |       |       |       |     3 |     1 |     3 ||     7
Evoke: Wand              |       |       |     2 |    12 |     2 |       ||    16
       Phial of floods   |       |       |       |       |       |     1 ||     1
  Use: Scroll            |       |     3 |    10 |    14 |    15 |     1 ||    43
       Potion            |       |       |       |       |     2 |     4 ||     6
 Stab: Sleeping          |     2 |       |     1 |       |       |       ||     3
       Paralysed         |       |       |     2 |    12 |    20 |     4 ||    38
       Distracted        |       |       |     1 |     9 |     6 |     1 ||    17
       Invisible         |       |       |       |    10 |    11 |    13 ||    34
  Eat: Chunk             |     3 |     5 |    13 |    32 |    36 |    11 ||   100
       Meat ration       |       |       |     1 |       |     1 |       ||     2
       Royal jelly       |       |       |     1 |     1 |     2 |     5 ||     9
       Fruit             |       |       |       |       |    10 |       ||    10
Armor: Robe              |    22 |    16 |     9 |       |       |       ||    47
       Skin              |       |       |     4 |     5 |    10 |    58 ||    77
       Scale mail        |       |       |    54 |    31 |       |       ||    85
       Troll leather arm |       |       |       |    80 |   126 |    36 ||   242
Dodge: Dodged            |    78 |    94 |   168 |   682 |   500 |   386 ||  1908
Block: Other             |       |     7 |    19 |    49 |    39 |    21 ||   135
       Reflection        |       |     1 |       |       |     1 |       ||     2

Vault maps used:
D:1:      lemuel_arrival_hallway, minmay_box_of_dots
D:2:      grunt_temple_overflow_growth_and_decay
D:3:      grunt_temple_overflow_open, minmay_misc_feat_roman
D:4:      old_standard_altar, serial_glass, glass_columns_c, glass_columns_b,
          glass_columns_c, glass_columns_b, glass_columns_a, glass_columns_a,
          glass_columns_b, glass_columns_c, glass_columns_a, glass_columns_a,
          glass_columns_b, glass_columns_b, glass_columns_a, glass_columns_b,
          st_stairs_5
D:5:      first_bread
D:6:      cheibrodos_two_vegetables, nicolae_sextant,
          nicolae_ashenzari_panopticon, uniq_crazy_yiuf_cottage, uniq_menkaure,
          uniq_grinder, uniq_sigmund
D:7:      minmay_temple_entry_mist, serial_shops, shop, shop_coins,
          nicolae_shop_trees, nicolae_shop_crystal, shop
D:8:      serial_shops, shop, nicolae_shop_stone, vehumet_altar_wand_db,
          uniq_gastronok
D:9:      david_orc_1_choice
D:10:     erik_lair_island, hangedman_stone_soup, uniq_maurice
D:11:     minmay_the_grid_four_pointed_star_mashed
D:12:     lab_entry_generic, serial_bayou_ford_a, uniq_urug
D:13:     nemelex_altar_shiori, uniq_erolcha, uniq_azrael
D:14:     david_vaults_3, basic_altar, nicolae_dithmenos_through_a_glass_darkly,
          minmay_crystal_room, minmay_crystal_water
D:15:     grunt_enter_depths_hoard, minmay_misc_feat_secret_circle, uniq_louise
Temple:   eino_temple_scatter_basement
Lair:1:   lemuel_ratsnest, cheibrodos_lair_caveside_slide, minivault_19
Lair:2:   spider_nest_entry_web_field, serial_bayou_pond_c,
          minmay_lair_oklob_chamber
Lair:3:   minmay_swamp_entry_swarm
Lair:4:   serial_bayou_crossing, grunt_megastairs_4, lemuel_fruit_fields,
          lemuel_fruit_tree
Lair:5:   lightli_volcano_entry_magma_tube, grunt_megastairs_3, uniq_kirke
Lair:6:   due_jungle_book, dpeg_slime_entry_enclosed_altar, lemuel_fruit_fields
Spider:1: guppyfry_spider_mini_1
Spider:2: spider_trap, minmay_another_anthill
Spider:3: spider_trap, uniq_mara
Spider:4: grunt_spider_rune_circles, nicolae_orb_stairs
Orc:1:    serial_shops, shop, shop, shop
Orc:2:    st_orc_elflike, uniq_snorg
Lab:      labyrinth_hidden_loot, nicolae_lab_flowing_pool, lab_block,
          nicolae_lab_arrow, nicolae_lab_t_cross, nicolae_lab_blocks,
          nicolae_lab_garden, nicolae_lab_statue, lab_hedge, nicolae_lab_x

Table legend:
 A = Turns spent in this place as a percentage of turns spent in the entire game.
 B = Non-inter-level travel turns spent in this place as a percentage of non-inter-level travel turns spent in the entire game.
 C = Inter-level travel turns spent in this place as a percentage of turns spent in this place.
 D = Turns resting spent in this place as a percentage of non-inter-level travel turns spent in this place.
 E = Turns spent auto-exploring this place as a percentage of non-inter-level travel turns spent in this place.
 F = Non-inter-level travel turns spent in this place divided by the number of levels of this place that you've seen.
                   A       B       C       D       E      F
               +-------+-------+-------+-------+-------+----------------------
         Total | 100.0 | 100.0 |   0.6 |   2.5 |   7.2 | 386.8
       Dungeon |  51.7 |  51.7 |   0.7 |   1.5 |   8.1 | 386.6
        Temple |   0.2 |   0.2 |   8.7 |   0.0 |  71.4 |  21.0
          Lair |  24.8 |  24.8 |   0.4 |   2.3 |   6.3 | 463.5
   Spider Nest |  16.7 |  16.8 |   0.2 |   5.7 |   4.6 | 471.2
  Orcish Mines |   4.9 |   4.9 |   1.4 |   2.5 |  10.4 | 275.0
     Labyrinth |   1.6 |   1.6 |   0.0 |   2.8 |   0.0 | 181.0
               +-------+-------+-------+-------+-------+----------------------

Table legend:
 A = Kills in this place as a percentage of kills in entire the game.
 B = Kills by you in this place as a percentage of kills by you in the entire game.
 C = Kills by friends in this place as a percentage of kills by friends in the entire game.
 D = Other kills in this place as a percentage of other kills in the entire game.
 E = Experience gained in this place as a percentage of experience gained in the entire game.
 F = Experience gained in this place divided by the number of levels of this place that you have seen.
                   A       B       C       D       E      F
               +-------+-------+-------+-------+-------+----------------------
         Total | 100.0 | 100.0 | 100.0 | 100.0 | 100.0 | 6964.0
       Dungeon |  50.5 |  50.5 | 100.0 |  36.4 |  38.1 | 5133.6
          Lair |  21.8 |  21.9 |   0.0 |  18.2 |  22.9 | 7722.2
   Spider Nest |  17.8 |  17.7 |   0.0 |  27.3 |  29.2 | 14767.8
  Orcish Mines |   9.4 |   9.4 |   0.0 |  18.2 |   8.4 | 8444.0
     Labyrinth |   0.6 |   0.6 |   0.0 |   0.0 |   1.3 | 2660.0
               +-------+-------+-------+-------+-------+----------------------
